 Dungeon Sprint DCSS version 0.29-a0-775-g4d7333d4e2 (webtiles) character file.

Game seed: 16390054262708263868

2 mhtbhm the Sneak (level 1, -3/9 HPs)
             Began as a Spriggan Enchanter on July 1, 2022.
             Slain by Jessica
             ... wielding a +8 club
              (10 damage)
             ... in the Dungeon (Sprint III: "The Ten Rune Challenge").
             The game lasted 00:00:02 (30 turns).

mhtbhm the Sneak (Spriggan Enchanter)                 Turns: 30, Time: 00:00:03

Health: -3/9       AC:  2    Str:  4    XL:     1   Next: 33%
Magic:  5/5        EV: 17    Int: 16    God:
Gold:   0          SH:  0    Dex: 15    Spells: 6/6 levels left

rFire   . . .      SeeInvis +   a - +1 dagger
rCold   . . .      Faith    .   (no shield)
rNeg    . . .      Spirit   .   b - +0 robe
rPois   .          Reflect  .   (helmet restricted)
rElec   .          Harm     .   (no cloak)
rCorr   .          Rampage  .   (gloves unavailable)
Will    .....      NoTele   +   (boots unavailable)
Stlth   +++.......              (no amulet)
HPRegen 0.03/turn               (no ring)
MPRegen 0.09/turn               (no ring)

@: very quick
A: very small, no large weapons, unfitting armour, see invisible, speed 3
a: no special abilities


You were in the Dungeon.
You visited 1 branch

Inventory:

Hand Weapons
 a - a +1 dagger (weapon)
Armour
 b - a +0 robe (worn)
Scrolls
 i - a scroll of blinking
Potions
 c - 2 potions of invisibility
 d - a potion of curing
 e - a potion of heal wounds
 f - a potion of haste
 g - 2 potions of magic
 h - a potion of berserk rage


   Skills:
 + Level 1.1 Short Blades
 + Level 2.9 Dodging
 + Level 5.1 Stealth
 + Level 3.0 Spellcasting
 + Level 4.2 Hexes


You had 6 spell levels left.
You didn't know any spells.
Your spell library contained the following spells:

 Spells                   Type           Power      Damage    Failure   Level
 Confusing Touch          Hex            15%        N/A       10%         3
 Tukima's Dance           Hex            15%        N/A       10%         3
 Ensorcelled Hibernation  Hex/Ice        18%        N/A       12%         2
 Dazzling Flash           Conj/Hex       18%        N/A       24%         3


Dungeon Overview and Level Annotations

Branches:
Dungeon (1/1)

Altars:

Annotations:
D Jessica


Innate Abilities, Weirdness & Mutations

You are very small and have problems with some larger weapons.
You are too small for most types of armour.
You have supernaturally acute eyesight. (SInv)
You cover ground extremely quickly. (Speed+++)


Message History

Your Hexes skill increases to level 4!
You hit the endoplasm.
The endoplasm is moderately wounded.
The endoplasm misses you.
You hit the endoplasm.
The endoplasm is severely wounded.
The endoplasm completely misses you.
You hit the endoplasm.
You kill the endoplasm!
Your Stealth skill increases to level 5!
Your Spellcasting skill increases to level 3!
No target in view!
No target in view!
No target in view!
No target in view!
No target in view!
No target in view!
No target in view!
No target in view!
No target in view!
No target in view!
No target in view!
No target in view!
Jessica the Apprentice Sorceress comes into view.
She is wielding a +8 club.
Jessica is nearby!
Jessica is nearby!
Jessica shouts!
Jessica casts a spell at you. Pain shoots through your body!
You hit Jessica.
Jessica is moderately wounded.
Jessica misses you.
You hit Jessica but do no damage.
Jessica is moderately wounded.
Jessica completely misses you.
You hit Jessica.
Jessica is heavily wounded.
Jessica hits you with a +8 club!
Ouch! That really hurt!
You die...

▓▓▓▓▓▓▓▓▓
▓<..#!..####
▓...#......##
▓..##....@@.#
▓##.##.##...#
##.##.###..#
▓#.####.# ..#
▓.###..## .##
▓#.....# .#
###..## .#
##..## .#
#..##


You could see Jessica.

Vanquished Creatures
  2 endoplasms (D)
2 creatures vanquished.

Notes
Turn   | Place    | Note
-------+----------+-------------------------------------------
     0 | D        | mhtbhm the Spriggan Enchanter began the quest for the Orb.
     0 | D        | Reached XP level 1. HP: 9/9 MP: 5/5
    13 | D        | Reached skill level 5 in Stealth
    23 | D        | Noticed Jessica
    30 | D        | Slain by Jessica

Illustrated notes

Levels and vault maps discovered:
D:        dungeon_sprint_mu [sprint_mu_entry_cave, sprint_mu_temple_rooms,
          sprint_mu_d1_horrors, sprint_mu_d2_genie, sprint_mu_d3_branching,
          sprint_mu_orc_legion, sprint_mu_elf_gauntlet, sprint_mu_hive_nellie,
          sprint_mu_lair_fedhas, sprint_mu_vaults_butterflies,
          sprint_mu_slime_circle, sprint_mu_swamp_cave, sprint_mu_shoals_kraken,
          sprint_mu_blade_basic, sprint_mu_crypt_fortress,
          sprint_mu_tomb_spiral, sprint_mu_vestibule_basic,
          sprint_mu_gehenna_hellfire, sprint_mu_dis_giant,
          sprint_mu_tartarus_statrot, sprint_mu_cocytus_islands, sprint_mu_zot1]

Skill      XL: |  1 |
---------------+----+-----
Hexes          | 4 |  4.2
Stealth        | 5 |  5.1
Spellcasting   | 3 |  3.0
Short Blades   | |  1.1
Dodging        | |  2.9

Action                   || total
-------------------------++-------
Melee: Dagger            ||     7
 Stab: Sleeping          ||     1
Dodge: Dodged            ||     4

Table legend: (Time is in decaauts)
 A = Elapsed time spent in this place.
 B = Non-inter-level travel time spent in this place.
 C = Inter-level travel time spent in this place.
 D = Time resting spent in this place.
 E = Time spent auto-exploring this place.
 F = Levels seen in this place.
 G = Mean time per level.
                   A        B        C        D        E       F      G
               +--------+--------+--------+--------+--------+-----+--------+
         Total |     20 |     20 |      0 |      0 |      9 |   1 |   20.0 |
       Dungeon |     20 |     20 |      0 |      0 |      9 |   1 |   20.0 |
               +--------+--------+--------+--------+--------+-----+--------+

Top non-repeatable levels by time:
       D: 20 daAuts
